 Dungeon Crawl Stone Soup version 0.32-a0-306-gfed3edf829 (webtiles) character file.

Game seed: 7345471155138247698

65 n00bmints the Trooper (level 3, -1/35 HPs)
             Began as a Minotaur Berserker on Feb 15, 2024.
             Was a Follower of Trog.
             Succumbed to an adder's poison
             ... on level 2 of the Dungeon.
             The game lasted 00:05:16 (1616 turns).

n00bmints the Trooper (Minotaur Berserker)          Turns: 1616, Time: 00:05:17

Health: -1/35      AC:  5    Str: 23    XL:     3   Next: 94%
Magic:  2/2        EV: 11    Int:  4    God:    Trog [*.....]
Gold:   50         SH:  0    Dex:  9    Spells: 2/2 levels left

rFire   . . .        a - +0 mace
rCold   . . .        (no shield)
rNeg    . . .        e - +0 ring mail
rPois   .            (helmet restricted)
rElec   .            (no cloak)
rCorr   .            (no gloves)
SInv    .            (no boots)
Will    .....        (no amulet) Stlth
                     (no ring)
HPRegen 0.25/turn    (no ring)
MPRegen 0.08/turn

%: no passive effects
@: lethally poisoned (-1 -> -5)
A: horns 2, retaliatory headbutt
a: Renounce Religion, Berserk


You were on level 2 of the Dungeon.
You worshipped Trog.
Trog was aware of your devotion.
You visited 1 branch of the dungeon, and saw 2 of its levels.

You collected 50 gold pieces.

Inventory:

Hand Weapons
 a - a +0 mace (weapon)
Armour
 b - a +0 animal skin
 e - a +0 ring mail (worn)
Jewellery
 j - a +5 ring of evasion
Scrolls
 d - 2 scrolls of identify {unknown}
 h - a scroll of fear {unknown}
 i - a scroll of enchant weapon {unknown}
 k - a scroll of torment {unknown}
Potions
 c - a potion of lignification {unknown}
 f - a potion of brilliance {unknown}
 g - a potion of degeneration {unknown}


   Skills:
 * Level 4.8 Fighting
 * Level 4.3 Maces & Flails
 * Level 3.0 Armour
 + Level 2.6 Dodging


You had 2 spell levels left.
You didn't know any spells.
Your spell library was empty.

Dungeon Overview and Level Annotations

Branches:
Dungeon (2/15)

Altars:

Shops:
D:1 *

Annotations:
D:2 Terence


Innate Abilities, Weirdness & Mutations

You have a pair of horns on your head.
You reflexively headbutt those who attack you in melee.


Message History

Your Armour skill increases to level 3!
You closely miss the jackal. You headbutt the jackal.
You kill the jackal!
Trog accepts your kill.
You see here a jackal corpse.
You open the door.
Found a scroll labelled HUELE DOITHRORR.
There is an open door here.
k - a scroll labelled HUELE DOITHRORR Terence the Incautious comes into view.
He is wielding a +0 falchion.
Terence shouts!
Terence is nearby!
An adder comes into view.
The adder hisses angrily.
Terence barely misses you. You furiously retaliate!
You headbutt Terence. Terence hits you with a +0 falchion.
You hit Terence.
Terence is heavily wounded.
Terence hits you with a +0 falchion. The adder bites you.
You are poisoned.
The adder poisons you!
You hit Terence but do no damage.
Terence is heavily wounded.
You feel sick. The adder closely misses you.
Terence hits you with a +0 falchion. The adder bites you.
You are more poisoned.
The adder poisons you!
You barely miss Terence.
Terence is heavily wounded.
You feel sick. Terence hits you with a +0 falchion.
* * * LOW HITPOINT WARNING * * *
The adder barely misses you.
You hit Terence.
Terence is heavily wounded.
You feel sick. The adder closely misses you. Terence barely misses you.
The adder bites you but does no damage. Terence hits you with a +0 falchion!
* * * LOW HITPOINT WARNING * * *
You hit Terence but do no damage.
Terence is heavily wounded.
You die...

.. ..##.##### ...... ..##.#
#.#.# #.##.###.##.# #<..#
#.#....#.##.# ..#...#
#.#..#.#.##.# #.#...#
#....S......## #.#...#
#....@@......# ###.#...#
##............#
.##.#...###.............#
.##.#........#..........#
.##.#....###.#..........#
###......###.#..........#
.............+..........#####
............##..........'...#
##>.......#.............###.#


You could see Terence and an adder.

Vanquished Creatures
  2 adders (D:2)
  2 ribbon worms (D:2)
  A ball python (D:1)
  2 bats (D:1)
  4 endoplasms
  2 giant cockroaches (D:1)
  2 hobgoblins (D:1)
  2 jackals (D:2)
  3 kobolds
  A quokka (D:1)
  A frilled lizard (D:1)
  A goblin (D:1)
  A rat (D:1)
24 creatures vanquished.

Notes
Turn   | Place    | Note
-------+----------+-------------------------------------------
     0 | D:1      | n00bmints the Minotaur Berserker began the quest for the
                  | Orb.
     0 | D:1      | Reached XP level 1. HP: 19/19 MP: 0/0
    15 | D:1      | Found Duqias's Assorted Antiques.
   152 | D:1      | Reached XP level 2. HP: 23/27 MP: 1/1
  1110 | D:1      | Reached XP level 3. HP: 34/34 MP: 2/2
  1605 | D:2      | Noticed Terence
  1615 | D:2      | HP: 1/35 [Terence/+0 falchion (7)]
  1616 | D:2      | Succumbed to an adder's poison

Illustrated notes

Levels and vault maps discovered:
D:1:      lemuel_arrival_hallway, layout_basic, serial_shops,
          nicolae_shop_overgrown_old_shop
D:2:      layout_basic, st_stairs_13, uniq_terence

Skill      XL: |  1  2  3 |
---------------+----------+-----
Fighting       | 4 |  4.8
Maces & Flails | 4 |  4.3
Armour         | 3 |  3.0
Dodging        | |  2.6

Action                     || total
---------------------------++-------
  Melee: Mace              ||    64
         Headbutt          ||     8
 Invoke: Berserk           ||     1
 Armour: Animal skin       ||    13
         Ring mail         ||    43
  Dodge: Dodged            ||    55

Table legend: (Time is in decaauts)
 A = Elapsed time spent in this place.
 B = Non-inter-level travel time spent in this place.
 C = Inter-level travel time spent in this place.
 D = Time resting spent in this place.
 E = Time spent auto-exploring this place.
 F = Levels seen in this place.
 G = Mean time per level.
                   A        B        C        D        E       F      G
               +--------+--------+--------+--------+--------+-----+--------+
         Total |   1637 |   1567 |     70 |      0 |   1104 |   2 |  818.5 |
       Dungeon |   1637 |   1567 |     70 |      0 |   1104 |   2 |  818.5 |
               +--------+--------+--------+--------+--------+-----+--------+

Top non-repeatable levels by time:
     D:1: 1286 daAuts
     D:2: 351 daAuts
